 Dungeon Crawl Stone Soup version 0.27.1-1-g398f81649c (webtiles) character file.

Game seed: 1055747325639573603

18 Naeght the Poker (level 2, 0/23 HPs)
             Began as a Merfolk Gladiator on Sept 8, 2021.
             Slain by a gnoll (2 damage)
             ... on level 1 of the Dungeon.
             The game lasted 00:01:03 (553 turns).

Naeght the Poker (Merfolk Gladiator)                 Turns: 553, Time: 00:01:04

Health: 0/23       AC:  4    Str: 14    XL:     2   Next: 70%
Magic:  2/2        EV: 14    Int:  7    God:
Gold:   16         SH:  0    Dex: 21    Spells: 1/1 levels left

rFire    . . .     SeeInvis .   a - +0 trident
rCold    . . .     Faith    .   (no shield)
rNeg     . . .     Spirit   .   b - +0 leather armour
rPois    .         Reflect  .   c - +0 helmet
rElec    .         Harm     .   (no cloak)
rCorr    .         Rampage  .   (no gloves)
Will     .....                  (no boots)
Stlth    ++........             (no amulet)
HPRegen  0.07/turn              f - +6 ring of dexterity
MPRegen  0.08/turn              (no ring)

@: no status effects
A: (nimble swimmer 2), mertail
a: no special abilities


You were on level 1 of the Dungeon.
You visited 1 branch of the dungeon, and saw 1 of its levels.

You collected 16 gold pieces.

Inventory:

Hand Weapons
 a - a +0 trident (weapon)
Missiles
 d - 3 throwing nets (quivered)
Armour
 b - a +0 leather armour (worn)
 c - a +0 helmet (worn)
Jewellery
 f - a +6 ring of dexterity (left hand)
Scrolls
 e - a scroll of identify {unknown}


   Skills:
 + Level 2.5 Fighting
 * Level 5.1 Polearms
 - Level 2.0 Throwing
 + Level 4.3 Dodging


You had one spell level left.
You didn't know any spells.
Your spell library was empty.

Dungeon Overview and Level Annotations

Branches:
Dungeon (1/15)

Altars:


Innate Abilities, Weirdness & Mutations

((You are quick and stealthy near water. (Stealth+, EV+, Speed+++)))
Your lower body shifts to a powerful aquatic tail in water.


Message History

You are too injured to fight recklessly!
You are too injured to fight recklessly!
You are too injured to fight recklessly!
You are too injured to fight recklessly!
You are too injured to fight recklessly!
You are too injured to fight recklessly!
You are too injured to fight recklessly!
You are too injured to fight recklessly!
You are too injured to fight recklessly!
You are too injured to fight recklessly!
You are too injured to fight recklessly!
You are too injured to fight recklessly!
You are too injured to fight recklessly!
You are too injured to fight recklessly!
You are too injured to fight recklessly!
You are too injured to fight recklessly!
You are too injured to fight recklessly!
You are too injured to fight recklessly!
You feel agile.
f - a +6 ring of dexterity (left hand)
The gnoll hits you with a +0 club.
You see here a giant cockroach corpse.
The gnoll hits you with a +0 club.
* * * LOW HITPOINT WARNING * * *
You see here a scroll labelled WOBOEC ADA.
You see here a scroll labelled WOBOEC ADA.
You hit the gnoll.
The gnoll is heavily wounded.
The gnoll closely misses you.
You barely miss the gnoll.
The gnoll is heavily wounded.
The gnoll hits you with a +0 club.
* * * LOW HITPOINT WARNING * * *
You closely miss the gnoll.
The gnoll is heavily wounded.
The gnoll barely misses you.
You completely miss the gnoll.
The gnoll is heavily wounded.
The gnoll hits you with a +0 club.
You die...

# #.# ##...............# #
####.# ##...###.######.# #
.....# ###.####....###.# #
###### ###.#.#.#.#.#.#.#.##
# # #..................####
# #.#.#.#.#.#.#.#.#.#...#
#..................##.##
..#.#.#.#.#.#.#.#.##...##
#........@.........†..#.).
#...#.#.#.#g#.#.#.#.##...##
............?........#.....
...#.#.#.#.#.#.#.#.#......
...................######
.#.#.#.#.#.#.#>#.## #
..#########.##.##.###### .#
#. #..........
#.#####.......


You could see a gnoll.

Vanquished Creatures
  A gnoll (D:1)
  A bat (D:1)
  An endoplasm (D:1)
  A giant cockroach (D:1)
  2 hobgoblins (D:1)
  2 ball pythons (D:1)
8 creatures vanquished.

Notes
Turn   | Place    | Note
-------+----------+-------------------------------------------
     0 | D:1      | Naeght the Merfolk Gladiator began the quest for the Orb.
     0 | D:1      | Reached XP level 1. HP: 16/16 MP: 1/1
   248 | D:1      | Reached skill level 5 in Polearms
   248 | D:1      | Reached XP level 2. HP: 9/23 MP: 2/2
   553 | D:1      | Slain by a gnoll

Illustrated notes

Levels and vault maps discovered:
D:1:      lemuel_arrival_behind_the_door_large, layout_loops_ring, st_stairs_11

Skill      XL: |  1 |
---------------+----+-----
Polearms       | 5 |  5.1
Fighting       | |  2.5
Throwing       | |  2.0
Dodging        | |  4.3

Action                   || total
-------------------------++-------
Melee: Trident           ||    37
Armor: Leather armour    ||     6
Dodge: Dodged            ||    16
